 Dungeon Crawl Stone Soup version 0.21.1-1-g345015f (webtiles) character file.

83 microfolk the Chopper (level 4, -5/61 HPs)
             Began as a Minotaur Berserker on Feb 17, 2018.
             Was a Follower of Trog.
             Slain by a gnoll
             ... wielding a +0 spear
              (8 damage)
             ... on level 3 of the Dungeon.
             The game lasted 00:04:01 (1749 turns).

microfolk the Chopper (Minotaur Berserker)          Turns: 1749, Time: 00:04:01

Health: -5/61      AC:  2    Str: 30      XL:     4   Next: 22%
Magic:  3/3        EV:  9    Int:  4      God:    Trog [*.....]
Gold:   101        SH:  8    Dex:  8 (9)  Spells: 3/3 levels left

rFire    . . .     SeeInvis .   a - +0 hand axe
rCold    + . .     Gourm    .   j - +0 shield
rNeg     . . .     Faith    .   u - +0 animal skin
rPois    .         Spirit   .   l - +0 hat
rElec    .         Reflect  .   (no cloak)
rCorr    .         Harm     .   (no gloves)
MR       .....                  (no boots)
Stlth    ..........             (no amulet)
HPRegen  0.20/turn              (no ring)
MPRegen  0.08/turn              (no ring)

@: berserking, very quick
A: retaliatory headbutt, horns 2, cold resistance 1, deterioration 1, strong 1
a: Berserk, Burn Spellbooks, Renounce Religion


You were on level 3 of the Dungeon.
You worshipped Trog.
Trog was aware of your devotion.
You were not hungry.

You visited 1 branch of the dungeon, and saw 3 of its levels.

You collected 101 gold pieces.

Inventory:

Hand Weapons
 a - a +0 hand axe (weapon)
 b - a +0 hunting sling
Missiles
 h - 110 stones (quivered)
Armour
 j - a +0 shield (worn)
 l - a +0 hat (worn)
 u - a +0 animal skin (worn)
Scrolls
 q - a scroll of random uselessness {unknown}
 r - 2 scrolls of fear
 s - 3 scrolls of teleportation
Potions
 d - a potion of curing
 e - a potion of magic {unknown}
 f - a potion of brilliance {unknown}
 g - 2 potions of cancellation
 k - 2 potions of degeneration {unknown}
 m - a potion of experience {unknown}
 n - a potion of resistance {unknown}
 o - a potion of haste {unknown}
 t - a potion of agility {unknown}
 v - a potion of might {unknown}
Comestibles
 c - 8 rations
 i - 2 chunks of flesh


   Skills:
 + Level 4.6 Fighting
 + Level 4.6 Axes
 + Level 3.6 Armour
 - Level 2.1 Dodging
 - Level 0.1 Shields


You had 3 spell levels left.
You didn't know any spells.

Dungeon Overview and Level Annotations

Branches:
Dungeon (3/15)

Altars:


Innate Abilities, Weirdness & Mutations

You reflexively headbutt those who attack you in melee.
You have a pair of horns on your head.
Your flesh is cold resistant. (rC+)
Your body sometimes deteriorates upon taking damage.
Your muscles are strong. (Str +2)


Message History

The gnoll is severely wounded.
You block the gnoll's attack.
The gnoll hits you from afar with a spear! x2
* * * LOW HITPOINT WARNING * * *
You block the gnoll's attack.
A red film seems to cover your vision as you go berserk!
You feel yourself moving faster!
You feel mighty!
You feel quite a bit more hungry.
The gnoll hits you from afar with a spear.
* * * LOW HITPOINT WARNING * * *
The gnoll hits you with a spear.
* * * LOW HITPOINT WARNING * * *
You slash the gnoll!
You feel the power of Trog in you as your rage grows.
You kill the gnoll!
Trog accepts your kill. The gnoll hits you with a spear.
* * * LOW HITPOINT WARNING * * *
The gnoll hits you from afar with a spear!
You die...

#...........#
#...........#
#.......#####
#.......# #.......#
#....>..# #.).....#
#.##.######.......#
#..(.gg@)(........#
#..(.#####........#
#.. .........# #
###.......#
#########


You could see 2 gnolls.

Vanquished Creatures
  2 gnolls (D:3)
  An adder (D:3)
  A dart slug (D:2)
  4 giant cockroaches
  5 goblins
  8 hobgoblins
  8 jackals
  2 quokkas (D:3)
  2 ball pythons (D:2)
  3 bats (D:1)
  3 frilled lizards
  6 kobolds
  2 rats
47 creatures vanquished.

Notes
Turn   | Place    | Note
-------+----------+-------------------------------------------
     0 | D:1      | microfolk the Minotaur Berserker began the quest for the Orb.
     0 | D:1      | Reached XP level 1. HP: 19/19 MP: 0/0
   250 | D:1      | Reached XP level 2. HP: 27/27 MP: 1/1
   776 | D:1      | Gained mutation: Your muscles are strong. (Str +2) [potion of mutation]
   776 | D:1      | Gained mutation: Your body sometimes deteriorates upon taking damage. [potion of mutation]
   776 | D:1      | Gained mutation: Your flesh is cold resistant. (rC+) [potion of mutation]
   875 | D:2      | Reached XP level 3. HP: 25/33 MP: 2/2
  1742 | D:3      | Reached XP level 4. HP: 31/41 MP: 3/3
  1749 | D:3      | HP: 3/61 [gnoll/spear (3)]
  1749 | D:3      | Slain by a gnoll

Skill      XL: |  1  2 |
---------------+-------+-----
Fighting       | 4 |  4.6
Axes           | 4 |  4.6
Armour         | 3 |  3.6
Dodging        | |  2.1
Shields        | |  0.1

Action                   |  1- 3 |  4- 6 || total
-------------------------+-------+-------++-------
Melee: Hand axe          |   103 |     4 ||   107
       Headbutt          |    16 |       ||    16
 Fire: Hunting sling     |     7 |       ||     7
Throw: Stone             |     4 |       ||     4
Invok: Berserk           |     1 |     1 ||     2
  Use: Scroll            |     8 |       ||     8
       Potion            |     1 |       ||     1
  Eat: Chunk             |     4 |       ||     4
Armor: Animal skin       |    16 |       ||    16
Dodge: Dodged            |    45 |     2 ||    47
Block: Shield            |    29 |     3 ||    32
